 Dungeon Crawl Stone Soup version 0.28-a0-519-gbfeecf2fc5 (webtiles) character file.

Game seed: 13683096333445871685

2 siradein the Bolt Thrower (level 1, 0/16 HPs)
             Began as a Demonspawn Hunter on Sept 23, 2021.
             Slain by a bat (1 damage)
             ... on level 1 of the Dungeon.
             The game lasted 00:01:22 (33 turns).

siradein the Bolt Thrower (Demonspawn Hunter)         Turns: 33, Time: 00:01:23

Health: 0/16       AC:  3    Str: 12    XL:     1   Next: 33%
Magic:  1/1        EV: 11    Int: 12    God:
Gold:   0          SH:  0    Dex: 13    Spells: 0/0 levels left

rFire   . . .      SeeInvis .   b - +0 short sword
rCold   . . .      Faith    .   (no shield)
rNeg    . . .      Spirit   .   c - +0 leather armour
rPois   .          Reflect  .   (no helmet)
rElec   .          Harm     .   (no cloak)
rCorr   .          Rampage  .   (no gloves)
Will    .....                   (no boots)
Stlth   +.........              (no amulet)
HPRegen 0.05/turn               (no ring)
MPRegen 0.07/turn               (no ring)

@: no status effects
A: no striking features
a: no special abilities


You were on level 1 of the Dungeon.
You visited 1 branch of the dungeon, and saw 1 of its levels.

Inventory:

Hand Weapons
 a - a +1 hand crossbow
 b - a +0 short sword (weapon)
Missiles
 d - 20 bolts
Armour
 c - a +0 leather armour (worn)


   Skills:
 + Level 2.1 Fighting
 + Level 3.6 Crossbows
 + Level 1.8 Dodging
 - Level 0.8 Stealth


You couldn't memorise any spells.
You didn't know any spells.
Your spell library was empty.

Dungeon Overview and Level Annotations

Branches:
Dungeon (1/15)

Altars:


Message History

You hit the jackal but do no damage.
The jackal is severely wounded.
The bat closely misses you. The jackal bites you.
You miss the jackal.
The jackal is severely wounded.
The jackal bites you.
* * * LOW HITPOINT WARNING * * *
The jackal bites you but does no damage. x2
The jackal closely misses you.
You closely miss the jackal.
The jackal is severely wounded.
The bat misses you. The bat hits you.
* * * LOW HITPOINT WARNING * * *
The jackal bites you but does no damage.
The bat hits you but does no damage.
You hit the bat.
The bat is severely wounded.
The bat closely misses you. The bat hits you but does no damage.
You barely miss the jackal.
The jackal is severely wounded.
The bat barely misses you. x2; The jackal barely misses you.
You hit the jackal.
You kill the jackal!
The bat closely misses you.
A jackal is nearby!
The jackal bites you but does no damage.
You closely miss the jackal.
The jackal bites you but does no damage.
You barely miss the jackal. The jackal closely misses you.
The jackal barely misses you.
You hit the jackal but do no damage. The jackal bites you.
* * * LOW HITPOINT WARNING * * *
You hit the jackal.
The jackal is severely wounded.
The jackal barely misses you. The jackal closely misses you.
You hit the jackal.
You kill the jackal!
The bat hits you but does no damage.
You hit the bat but do no damage. The bat hits you.
You die...

##>##
######...######
.h............b
.....⌠.....
....... #...#
#####'#####
##b†.......#
#.@♣..<..♣..#
##.........##
###########


You could see a bat.

Vanquished Creatures
  2 jackals (D:1)
2 creatures vanquished.

Notes
Turn   | Place    | Note
-------+----------+-------------------------------------------
     0 | D:1      | siradein the Demonspawn Hunter began the quest for the Orb.
     0 | D:1      | Reached XP level 1. HP: 16/16 MP: 1/1
    33 | D:1      | Slain by a bat

Illustrated notes

Levels and vault maps discovered:
D:1:      minmay_arrival_split_and_join, layout_loops_ring,
          ebering_ecumenical_altar_mist

Action                   || total
-------------------------++-------
Melee: Short sword       ||    22
Armor: Leather armour    ||    11
Dodge: Dodged            ||    18

Table legend: (Time is in decaauts)
 A = Elapsed time spent in this place.
 B = Non-inter-level travel time spent in this place.
 C = Inter-level travel time spent in this place.
 D = Time resting spent in this place.
 E = Time spent auto-exploring this place.
 F = Levels seen in this place.
 G = Mean time per level.
                   A        B        C        D        E       F      G
               +--------+--------+--------+--------+--------+-----+--------+
         Total |     34 |     34 |      0 |      4 |      2 |   1 |   34.0 |
       Dungeon |     34 |     34 |      0 |      4 |      2 |   1 |   34.0 |
               +--------+--------+--------+--------+--------+-----+--------+

Top non-repeatable levels by time:
     D:1: 34 daAuts
